 Dungeon Crawl Stone Soup version 0.28-a0-1182-g381e24db82 (webtiles) character file.

Game seed: 16907061990332696934

26 lonewolfV2 the Skirmisher (level 2, -3/24 HPs)
             Began as a Demonspawn Chaos Knight on Dec 16, 2021.
             Was a Plaything of Xom.
             Slain by a worm (6 damage)
             ... on level 2 of the Dungeon.
             The game lasted 00:02:14 (1064 turns).

lonewolfV2 the Skirmisher (Demonspawn Chaos Knight) Turns: 1064, Time: 00:02:14

Health: -3/24      AC:  5    Str: 12    XL:     2   Next: 89%
Magic:  2/2        EV: 11    Int: 13    God:    Xom [..*...]
Gold:   61         SH:  0    Dex: 12    Spells: 1/1 levels left

rFire   . . .      SeeInvis .   a - +0 mace (chaos)
rCold   . . .      Faith    .   (no shield)
rNeg    . . .      Spirit   .   b - +2 leather armour
rPois   .          Reflect  .   (no helmet)
rElec   .          Harm     .   (no cloak)
rCorr   .          Rampage  .   (no gloves)
Will    .....                   (no boots)
Stlth   +.........              (no amulet)
HPRegen 0.08/turn               (no ring)
MPRegen 0.08/turn               (no ring)

@: no status effects
A: powered by pain 1
a: Renounce Religion


You were on level 2 of the Dungeon.
You worshipped Xom.
You were a toy of Xom.
You visited 1 branch of the dungeon, and saw 2 of its levels.

You collected 61 gold pieces.

Inventory:

Hand Weapons
 a - a +0 mace of chaos (weapon)
Armour
 b - a +2 leather armour (worn)
 f - a +1 robe of positive energy
Scrolls
 d - a scroll of teleportation
 e - a scroll of identify
Potions
 c - 2 potions of curing


   Skills:
 + Level 3.3 Fighting
 + Level 3.3 Maces & Flails
 + Level 1.9 Armour
 + Level 1.0 Dodging


You had one spell level left.
You didn't know any spells.
Your spell library was empty.

Dungeon Overview and Level Annotations

Branches:
Dungeon (2/15)

Altars:


Innate Abilities, Weirdness & Mutations

You sometimes gain a little power by taking damage.


Message History

The ball python bites you but does no damage.
The ball python constricts you.
You hit the ball python.
The ball python seems to slow down.
You freeze the ball python.
You kill the ball python!
You see here a ball python corpse.
A kobold is nearby!
The kobold shouts!
You hit the kobold. Lightning courses through the kobold!
You kill the kobold!
You see here a +0 whip.
A hobgoblin comes into view.
Found a stone staircase leading up.
The hobgoblin shouts!
Found 11 stones.
A worm comes into view.
The hobgoblin barely misses you.
You closely miss the hobgoblin. The hobgoblin barely misses you.
You hit the hobgoblin but do no damage. The hobgoblin hits you.
You hit the hobgoblin.
You kill the hobgoblin!
The worm bites you.
Unknown command.
Found a hand axe.
You hit the worm.
The worm seems to speed up.
Xom thinks this is hilarious!
The worm is lightly wounded.
The worm bites you!
A shower of butterflies erupts from you!
You hit the worm.
The worm is moderately wounded.
The worm bites you!
* * * LOW HITPOINT WARNING * * *
You barely miss the worm.
The worm is moderately wounded.
The worm misses you.
You barely miss the worm.
The worm is moderately wounded.
The worm bites you.
You die...

#.# .#
#.########.##.
##.##.....#... .
#..(<.......##.#####
#.b##...............
#..##.....#.##.....#
#.b##.......# #<#
#..@w.b..# #.#
#.######.# #.# #)
#.# #.# #. #.# #.#
#. #.# ######.# #.
#.# #....... #.
#.####.####)# #.
#......# #.#
######## #.#


You could see a worm (fast, ally target).

Vanquished Creatures
  A ball python (D:2)
  An endoplasm (D:1)
  2 giant cockroaches (D:1)
  2 goblins (D:1)
  4 hobgoblins
  3 quokkas (D:1)
  4 bats (D:1)
  A frilled lizard (D:1)
  3 kobolds
  4 rats (D:1)
25 creatures vanquished.

Notes
Turn   | Place    | Note
-------+----------+-------------------------------------------
     0 | D:1      | lonewolfV2 the Demonspawn Chaos Knight began the quest for
                  | the Orb.
     0 | D:1      | Reached XP level 1. HP: 18/18 MP: 1/1
   187 | D:1      | Gained mutation: You sometimes gain a little power by
                  | taking damage. [demonic ancestry]
   187 | D:1      | Reached XP level 2. HP: 22/24 MP: 2/2
   584 | D:1      | XOM: silly message
   591 | D:1      | Reached skill level 1 in Dodging
   667 | D:1      | Found a faded altar of an unknown god.
   807 | D:1      | XOM: silly message
  1061 | D:2      | XOM: butterfly on damage
  1064 | D:2      | Slain by a worm

Illustrated notes

Levels and vault maps discovered:
D:1:      minmay_arrival_statue_studded, layout_basic,
          shapermc_ecumenical_altar_notcrosses
D:2:      layout_loops_ring

Skill      XL: |  1  2 |
---------------+-------+-----
Maces & Flails | 3 |  3.3
Dodging        | 1 |  1.0
Fighting       | |  3.3
Armour         | |  1.9

Action                   || total
-------------------------++-------
Melee: Mace              ||    71
  Use: Scroll            ||     4
Armor: Leather armour    ||    32
Dodge: Dodged            ||    52

Table legend: (Time is in decaauts)
 A = Elapsed time spent in this place.
 B = Non-inter-level travel time spent in this place.
 C = Inter-level travel time spent in this place.
 D = Time resting spent in this place.
 E = Time spent auto-exploring this place.
 F = Levels seen in this place.
 G = Mean time per level.
                   A        B        C        D        E       F      G
               +--------+--------+--------+--------+--------+-----+--------+
         Total |   1081 |   1050 |     31 |      0 |    759 |   2 |  540.5 |
       Dungeon |   1081 |   1050 |     31 |      0 |    759 |   2 |  540.5 |
               +--------+--------+--------+--------+--------+-----+--------+

Top non-repeatable levels by time:
     D:1: 1017 daAuts
     D:2: 64 daAuts
